 Dungeon Crawl Stone Soup version 0.22.0-32-gbc6daba (webtiles) character file.

19 Arum the Shield-Bearer (level 2, -4/25 HPs)
             Began as a Formicid Fighter on Aug 23, 2018.
             Slain by a human (5 damage)
             ... on level 2 of the Dungeon.
             The game lasted 00:02:17 (661 turns).

Arum the Shield-Bearer (Formicid Fighter)            Turns: 661, Time: 00:02:17

Health: -4/25      AC:  9    Str: 19 (20) XL:     2   Next: 95%
Magic:  2/2        EV:  7    Int:  4 (7)  God:
Gold:   33         SH:  9    Dex:  7 (10) Spells: 1/1 levels left

rFire    . . .     SeeInvis +   a - +1 war axe
rCold    . . .     Gourm    .   c - +0 shield
rNeg     . . .     Faith    .   b - +0 scale mail
rPois    .         Spirit   .   (helmet unavailable)
rElec    .         Reflect  .   (no cloak)
rCorr    .         Harm     .   (no gloves)
MR       .....                  (no boots)
Stlth    ..........             (no amulet)
HPRegen  0.08/turn              m - ring of teleportation (curse)
MPRegen  0.08/turn              i - +3 ring of protection

@: no status effects
A: permanent stasis, dig shafts and tunnels, four strong arms, antennae 3
a: Dig, Shaft Self


You were on level 2 of the Dungeon.
You were not hungry.

You visited 1 branch of the dungeon, and saw 2 of its levels.

You collected 33 gold pieces.

Inventory:

Hand Weapons
 a - a +1 war axe (weapon)
Armour
 b - a +0 scale mail (worn)
 c - a +0 shield (worn)
Jewellery
 i - a +3 ring of protection (right hand)
 m - a cursed ring of teleportation (left hand)
Scrolls
 d - a scroll of fear {unknown}
 g - a scroll of identify {unknown}
 h - 2 scrolls of teleportation {unknown}
 l - 3 scrolls of remove curse {unknown}
Comestibles
 f - a ration
 n - 4 chunks of flesh


   Skills:
 + Level 3.7 Fighting
 + Level 2.4 Axes
 - Level 3.2 Armour
 + Level 4.0 Shields


You had one spell level left.
You didn't know any spells.
Your spell library was empty.

Dungeon Overview and Level Annotations

Branches:
Dungeon (2/15)

Altars:
Yredelemnul


Innate Abilities, Weirdness & Mutations

You cannot be hasted, slowed, berserked, paralysed or teleported.
You can dig through walls and to a lower floor.
Your four strong arms can wield two-handed weapons with a shield.
You have a pair of large antennae on your head. (SInv)


Message History

Your shield and scale mail prevent you from hitting the human.
The human is moderately wounded.
You block the human's attack. The human hits you but does no damage.
You miss the human.
The human is moderately wounded.
You block the human's attack.
You slash the human!
The human is heavily wounded.
You block the human's attack. The human barely misses you.
You closely miss the human.
The human is heavily wounded.
The human hits you!
* * * LOW HITPOINT WARNING * * *
You hit the human.
The human is severely wounded.
The human hits you but does no damage.
As you read the scroll labeled MUUMOCE SUNAEGG, it crumbles to dust.
It is a scroll of enchant weapon.
Your +0 war axe glows red for a moment.
The human hits you.
You die...

<....##....P$$$P
.....##....P$$$P... ..
)....#####.P$$$P.....
.....######PPPPP..#'#
.......$..#..........
..........#.#.......
..........#.........
................p#
................@#
.................#
.#........†......#
.#...............#
.+.............(......
.#...#######....###.#.
.#...# ........ #
.#...# .........
.......#....


You could see a human.

Vanquished Creatures
  A worm (D:2)
  A dart slug (D:1)
  2 bats (D:1)
  A giant cockroach (D:1)
  2 hobgoblins (D:1)
  3 kobolds (D:1)
  2 frilled lizards
  A goblin (D:1)
  2 rats (D:1)
15 creatures vanquished.

Vanquished Creatures (others)
  A hound skeleton (D:2)
  An adder (D:2)
  A bat (D:2)
  A giant cockroach (D:2)
  A ball python (D:2)
  A frilled lizard (D:2)
  A rat (D:2)
7 creatures vanquished.

Grand Total: 22 creatures vanquished

Notes
Turn   | Place    | Note
-------+----------+-------------------------------------------
     0 | D:1      | Arum the Formicid Fighter began the quest for the Orb.
     0 | D:1      | Reached XP level 1. HP: 18/18 MP: 1/1
   153 | D:1      | Reached XP level 2. HP: 24/24 MP: 2/2
   429 | D:1      | Reached skill level 4 in Shields
   518 | D:2      | Found a runed door.
   518 | D:2      | Noticed a human
   527 | D:2      | Found a basalt altar of Yredelemnul.
   659 | D:2      | HP: 1/25 [human (8)]
   661 | D:2      | Slain by a human

Skill      XL: |  1  2 |
---------------+-------+-----
Shields        | 4 |  4.0
Fighting       | |  3.7
Axes           | |  2.4
Armour         | |  3.2

Action                   || total
-------------------------++-------
Melee: War axe           ||    57
  Use: Potion            ||     5
       Scroll            ||     1
 Stab: Invisible         ||     1
Armor: Scale mail        ||    25
Dodge: Dodged            ||    17
Block: Shield            ||    22
